 Dungeon Crawl Stone Soup version 0.26-a0-651-gb41185065b (webtiles) character file.

Game seed: 12174546740026394861

2256 Irenicus the Cleaver (level 9, -1/74 HPs)
             Began as a Deep Dwarf Delver on Oct 24, 2020.
             Was a Believer of Makhleb.
             Slain by a meliai
             ... wielding a +0 war axe
              (10 damage)
             ... on level 8 of the Dungeon.
             The game lasted 00:09:40 (1503 turns).

Irenicus the Cleaver (Deep Dwarf Delver)            Turns: 1503, Time: 00:09:41

Health: -1/74      AC:  6    Str: 16    XL:     9   Next: 15%
Magic:  6/6        EV: 11    Int: 11    God:    Makhleb [**....]
Gold:   30         SH:  0    Dex: 17    Spells: 8/8 levels left

rFire    . . .     SeeInvis .   q - +0 war axe
rCold    . . .     Faith    .   (no shield)
rNeg     . . .     Spirit   .   n - +0 ring mail
rPois    .         Reflect  .   (no helmet)
rElec    .         Harm     .   (no cloak)
rCorr    .         Rampage  .   r - +0 pair of gloves
MR       +....                  (no boots)
Stlth    +++.......             (no amulet)
HPRegen  0.00/turn              (no ring)
MPRegen  0.10/turn              (no ring)

@: lethally poisoned (-1 -> -1), non-regenerating
A: damage resistance, heal wounds, sense surroundings 2, no regeneration
a: Heal Wounds, Minor Destruction, Renounce Religion


You were on level 8 of the Dungeon.
You worshipped Makhleb.
Makhleb was pleased with you.
You visited 2 branches of the dungeon, and saw 6 of its levels.
You also visited: Sewer.

You collected 30 gold pieces.

Inventory:

Hand Weapons
 a - a +0 hand axe
 m - a +0 vampiric dagger
   (You took it off an orc on level 6 of the Dungeon)
 q - a +0 war axe (weapon)
   (You took it off an orc on level 7 of the Dungeon)
Armour
 n - a +0 ring mail (worn)
   (You took it off an orc on level 6 of the Dungeon)
 r - a +0 pair of gloves (worn)
   (You found it on level 7 of the Dungeon)
Wands
 g - a wand of digging (3)
 h - a wand of acid (2)
   (You found it on level 4 of the Dungeon)
 t - a wand of polymorph (8)
   (You found it on level 8 of the Dungeon)
Scrolls
 b - a scroll of amnesia {unknown}
 c - a scroll of fog
 d - a scroll of magic mapping {!r}
 e - 2 scrolls of fear
 k - a scroll of random uselessness {unknown}
 l - 3 scrolls of identify {unknown}
 o - a scroll of remove curse {unknown}
 p - 2 scrolls of blinking {unknown}
 s - a scroll of vulnerability {unknown}
Potions
 f - 2 potions of haste
 i - a potion of flight
 j - a potion of curing


   Skills:
 - Level 2.6 Fighting
 + Level 13.0 Axes
 - Level 2.1 Dodging
 - Level 6.0 Stealth


You had 8 spell levels left.
You didn't know any spells.
Your spell library was empty.

Dungeon Overview and Level Annotations

Branches:
Dungeon (8/15)             Temple (1/1) D:5           Sewer (visited)
   Lair: D:8-11

Altars:
Ashenzari
Dithmenos
Fedhas
Gozag
Hepliaklqana
Makhleb
Qazlal
Ru
Trog
Vehumet
Xom
Yredelemnul
Zin
The Shining One


Innate Abilities, Weirdness & Mutations

You are resistant to damage.
You can heal yourself by infusing magical energy.
You passively map the area around you.
You do not regenerate.


Message History

The hound bites you.
You take 2 damage, and have 33/74 hp.
You hit the hound but do no damage.
The hound is moderately wounded.
The hound bites you.
You take 1 damage, and have 32/74 hp.
You miss the hound.
The hound is moderately wounded.
The hound bites you but does no damage. The hound bites you.
You closely miss the hound.
The hound is moderately wounded.
The hound bites you but does no damage.
You hit the hound.
The hound is heavily wounded.
The hound bites you.
You barely miss the hound.
The hound is heavily wounded.
The hound closely misses you. The hound barely misses you.
You slash the hound!
The hound is severely wounded.
The hound barely misses you.
You closely miss the hound.
The hound is severely wounded.
The hound barely misses you.
You hit the hound.
The hound is almost dead.
The hound closely misses you. The hound bites you.
You take 1 damage, and have 31/74 hp.
You barely miss the hound.
The hound is almost dead.
The hound closely misses you.
You barely miss the hound.
The hound is almost dead.
The hound bites you but does no damage.
You closely miss the hound.
The hound is almost dead.
The hound closely misses you. The hound bites you but does no damage.
You closely miss the hound.
The hound is almost dead.
The hound closely misses you.
You hit the hound but do no damage.
The hound is almost dead.
The hound bites you but does no damage.
You hit the hound but do no damage.
The hound is almost dead.
The hound closely misses you.
You slash the hound!
You kill the hound!
Makhleb accepts your kill.
You see here a hound corpse.
You open the door.
A kobold, a skeleton and a meliai come into view. 2 kobolds come into view.
The meliai buzzes angrily.
The kobold shouts! x2
You hear an angry buzzing noise.
A meliai comes into view. It is wielding a +0 war axe.
There is an open door here.
A meliai comes into view. It is wielding a +0 hand axe.
A big kobold comes into view.
The meliai hits you but does no damage. The meliai closely misses you.
The adder skeleton closely misses you.
You closely miss the adder skeleton. You hit the meliai but do no damage.
The meliai calls down the wrath of its god upon you.
Something smites you!
* * * LOW HITPOINT WARNING * * *
The meliai hits you but does no damage. The meliai closely misses you.
The meliai mumbles some strange prayers to its god against you.
Something smites you!
* * * LOW HITPOINT WARNING * * *
The adder skeleton completely misses you.
The meliai hits you with a +0 hand axe.
* * * LOW HITPOINT WARNING * * *
The meliai stings you but does no damage.
You take 29 damage, and have 2/74 hp.
MASSIVE DAMAGE!!
You feel much better.
The meliai calls down the wrath of its god upon you.
Something smites you!
* * * LOW HITPOINT WARNING * * *
The meliai barely misses you. The meliai stings you.
You regained 13 hp, and now have 15/74 hp.
The meliai hits you but does no damage. The meliai closely misses you.
The meliai invokes the aid of its god against you.
Something smites you!
* * * LOW HITPOINT WARNING * * *
There is an open door here.
You take 10 damage, and have 5/74 hp.
You feel much better. The meliai hits you with a +0 hand axe.
* * * LOW HITPOINT WARNING * * *
The meliai closely misses you. The meliai hits you with a +0 hand axe!
* * * LOW HITPOINT WARNING * * *
The meliai stings you.
* * * LOW HITPOINT WARNING * * *
You are poisoned.
The meliai poisons you! The meliai completely misses you.
The meliai stings you but does no damage.
The meliai hits you with a +0 hand axe!
* * * LOW HITPOINT WARNING * * *
The meliai stings you. The meliai hits you with a +0 hand axe.
The meliai barely misses you. The meliai hits you with a +0 war axe!
You die...

,, ##.....#.#
,* , *
##..[.....###*
* *
#.....!......
,* ,,
+........... ,
, , *
*#....K....# ,
* *,* #..K....#
,, * #KZK..# *
* ** * #yyy#**
* *, , ##@## #
* #.# .##*, *
#.# #.. , , *
######†###.## *
** * *
.............#
*.####....)#.##
, *, ##...## *
, , ##.## ** *
#.# ,,,


You could see a big kobold, 3 meliai, 3 kobolds and an adder skeleton.

Vanquished Creatures
  A hippogriff (D:5)
  Sigmund (D:6)
  Menkaure (D:6)
  An orc warrior (D:6)
  A black bear (D:6)
  An ice beast (D:5)
  3 sky beasts
  4 ogres
  A centaur (D:7)
  A big kobold (Sewer)
  2 howler monkeys (D:6)
  A bullfrog zombie (D:6)
  3 jellies
  2 hounds
  6 orc wizards
  3 orc priests
  An iguana (D:7)
  A worker ant zombie (D:7)
  7 gnolls
  7 adders
  4 river rats
  2 shadow imps
  2 white imps
  An ufetubus (D:6)
  An adder zombie (D:8)
  A worm (D:4)
  11 orcs
  5 jackals
  A quokka (D:6)
  A jackal zombie (D:6)
  4 kobolds (Sewer)
  3 rats (Sewer)
84 creatures vanquished.

Notes
Turn   | Place    | Note
-------+----------+-------------------------------------------
     0 | D:5      | Irenicus the Deep Dwarf Delver began the quest for the Orb.
     0 | D:5      | Reached XP level 1. HP: 20/20 MP: 1/1
    18 | D:4      | Noticed an ogre
    28 | D:4      | Killed an ogre
    28 | D:4      | Reached skill level 5 in Axes
    28 | D:4      | Reached XP level 2. HP: 24/27 MP: 2/2
    28 | D:4      | Reached XP level 3. HP: 29/33 MP: 3/3
    28 | D:4      | Reached XP level 4. HP: 36/40 MP: 4/4
    72 | D:4      | HP: 10/40 [worm (3)]
    75 | D:4      | HP: 4/40 [adder (1)]
    84 | D:4      | HP: 8/40 [river rat (8)]
   114 | D:4      | HP: 4/40 [adder (4)]
   118 | D:4      | Found a glowing drain.
   164 | Sewer    | Entered a sewer
   177 | Sewer    | Reached XP level 5. HP: 27/46 MP: 5/5
   233 | Sewer    | Reached skill level 6 in Axes
   249 | Sewer    | Found a glowing silver altar of Zin.
   326 | D:5      | HP: 5/46 [shadow imp/nerve-wracking pain (11)]
   361 | D:5      | Reached skill level 7 in Axes
   361 | D:5      | Reached XP level 6. HP: 38/55 MP: 5/5
   415 | D:5      | Noticed an ice beast
   421 | D:5      | Found a staircase to the Ecumenical Temple.
   429 | Temple   | Entered the Ecumenical Temple
   507 | Temple   | Became a worshipper of Makhleb the Destroyer
   531 | D:5      | HP: 12/55 [ice beast (2)]
   536 | D:5      | HP: 11/55 [ice beast (3)]
   536 | D:5      | HP: 1/55 [ice beast (10)]
   553 | D:5      | Noticed a hippogriff
   565 | D:5      | HP: 13/55 [ice beast (1)]
   565 | D:5      | HP: 3/55 [ice beast (10)]
   578 | D:5      | Killed an ice beast
   578 | D:5      | Reached skill level 8 in Axes
   586 | D:5      | HP: 13/55 [hippogriff (2)]
   587 | D:5      | HP: 4/55 [hippogriff (9)]
   594 | D:5      | HP: 9/55 [hippogriff (6)]
   600 | D:5      | HP: 11/55 [hippogriff (3)]
   600 | D:5      | HP: 4/55 [hippogriff (3)]
   603 | D:5      | Killed a hippogriff
   603 | D:5      | Reached XP level 7. HP: 12/61 MP: 4/4
   629 | D:5      | HP: 15/61 [sky beast (4)]
   631 | D:5      | Reached skill level 9 in Axes
   737 | D:6      | HP: 15/61 [howler monkey (1)]
   740 | D:6      | HP: 7/61 [something (3)]
   742 | D:6      | HP: 1/61 [sky beast (3)]
   746 | D:6      | Reached skill level 10 in Axes
   762 | D:6      | HP: 12/61 [shadow imp (3)]
   763 | D:6      | HP: 4/61 [shadow imp/nerve-wracking pain (8)]
   773 | D:6      | HP: 13/61 [shadow imp/nerve-wracking pain (7)]
   802 | D:6      | HP: 9/61 [howler monkey (4)]
   826 | D:6      | Noticed Sigmund
   833 | D:6      | HP: 15/61 [black bear (1)]
   836 | D:6      | Reached XP level 8. HP: 31/68 MP: 5/5
   845 | D:6      | Killed Sigmund
   847 | D:6      | HP: 12/68 [acid (7)]
   848 | D:6      | Reached skill level 11 in Axes
   856 | D:6      | HP: 11/68 [white imp (1)]
   862 | D:6      | HP: 5/68 [adder (3)]
   863 | D:6      | Reached * piety under Makhleb
   885 | D:6      | HP: 10/68 [bullfrog zombie (3)]
   901 | D:6      | HP: 15/68 [orc warrior/+0 flail (8)]
   926 | D:6      | HP: 17/68 [orc wizard/+2 dagger of venom (2)]
   932 | D:6      | HP: 12/68 [orc wizard/magic dart (5)]
  1121 | D:6      | Noticed Menkaure
  1134 | D:6      | Reached skill level 12 in Axes
  1138 | D:6      | HP: 17/68 [gnoll/+0 halberd (3)]
  1143 | D:6      | HP: 16/68 [Menkaure/nerve-wracking pain (9)]
  1144 | D:6      | Killed Menkaure
  1146 | D:6      | HP: 6/68 [gnoll/+0 halberd (6)]
  1158 | D:6      | HP: 17/68 [gnoll/+0 halberd (4)]
  1165 | D:6      | HP: 13/68 [hound (3)]
  1250 | D:7      | HP: 16/68 [orc/+0 flail (2)]
  1255 | D:7      | HP: 13/68 [orc wizard/magic dart (4)]
  1260 | D:7      | Found a sacrificial altar of Ru.
  1275 | D:7      | Reached ** piety under Makhleb
  1275 | D:7      | Gained mutation: You passively map the area around you.
                  | [Deep Dwarf growth]
  1275 | D:7      | Reached XP level 9. HP: 21/74 MP: 6/6
  1296 | D:7      | HP: 18/74 [something (4)]
  1301 | D:7      | HP: 13/74 [sky beast (2)]
  1343 | D:7      | Found a bloodstained altar of Trog.
  1409 | D:8      | HP: 10/74 [ogre/+0 giant club (4)]
  1414 | D:8      | HP: 12/74 [ogre/+0 giant club (19)]
  1420 | D:8      | HP: 11/74 [acid (8)]
  1423 | D:8      | Reached skill level 13 in Axes
  1497 | D:8      | Noticed a meliai
  1498 | D:8      | Noticed a meliai
  1499 | D:8      | Noticed a meliai
  1500 | D:8      | HP: 6/74 [meliai/divine providence (13)]
  1500 | D:8      | HP: 2/74 [meliai/+0 hand axe (4)]
  1503 | D:8      | Slain by a meliai

Illustrated notes

Levels and vault maps discovered:
D:4:      layout_loops_ring, lemuel_round_altar, serial_shops, shop_coins,
          lightli_sewer_entry_pipes, minmay_misc_feat_nine_boxes
D:5:      layout_loops_ring, minitemple, minmay_temple_entry_large_hall
D:6:      layout_basic, kiku_gazebo_pond_becter, uniq_menkaure, uniq_sigmund
D:7:      layout_loops_ring, nicolae_ru_sacrificial_ziggurat,
          kennysheep_little_box, trog_eyes_of_draining
D:8:      layout_loops_corners, lair_entry_dummy, kennysheep_generic_room_3
Temple:   nicolae_temple_figure_eight

Skill      XL: |  1  2  3  4  5  6  7  8  9 |
---------------+----------------------------+-----
Axes           | 5 7 8 10 12 13 | 13.0
Fighting       | |  2.6
Dodging        | |  2.1
Stealth        | |  6.0

Action                   |  1- 3 |  4- 6 |  7- 9 || total
-------------------------+-------+-------+-------++-------
Melee: Hand axe          |     8 |   227 |   172 ||   407
       War axe           |       |       |   118 ||   118
 Abil: Heal Wounds       |       |    14 |    17 ||    31
Evoke: Wand              |       |     1 |     1 ||     2
  Use: Potion            |       |     3 |     2 ||     5
 Stab: Sleeping          |     1 |     2 |     4 ||     7
Armor: Leather armour    |       |    43 |     2 ||    45
       Ring mail         |       |       |    68 ||    68
Dodge: Dodged            |     5 |   143 |   151 ||   299

Table legend: (Time is in decaauts)
 A = Elapsed time spent in this place.
 B = Non-inter-level travel time spent in this place.
 C = Inter-level travel time spent in this place.
 D = Time resting spent in this place.
 E = Time spent auto-exploring this place.
 F = Levels seen in this place.
 G = Mean time per level.
                   A        B        C        D        E       F      G
               +--------+--------+--------+--------+--------+-----+--------+
         Total |   1494 |   1486 |      8 |      0 |      0 |   7 |  213.4 |
       Dungeon |   1250 |   1250 |      0 |      0 |      0 |   5 |  250.0 |
        Temple |    101 |     93 |      8 |      0 |      0 |   1 |  101.0 |
         Sewer |    142 |    142 |      0 |      0 |      0 |   1 |  142.0 |
               +--------+--------+--------+--------+--------+-----+--------+

Top non-repeatable levels by time:
     D:6: 402 daAuts
     D:7: 243 daAuts
     D:5: 227 daAuts
     D:4: 221 daAuts
     D:8: 156 daAuts
   Sewer: 142 daAuts
  Temple: 101 daAuts

Table legend:
 A = Kills in this place as a percentage of kills in entire the game.
 B = Kills by you in this place as a percentage of kills by you in the entire game.
 C = Kills by friends in this place as a percentage of kills by friends in the entire game.
 D = Other kills in this place as a percentage of other kills in the entire game.
 E = Experience gained in this place as a percentage of experience gained in the entire game.
 F = Experience gained in this place divided by the number of levels of this place that you have seen.
                   A       B       C       D       E      F
               +-------+-------+-------+-------+-------+----------------------
         Total | 100.0 | 100.0 |   N/A |   N/A | 100.0 | 460.4
       Dungeon |  85.7 |  85.7 |   N/A |   N/A |  95.7 | 617.0
         Sewer |  14.3 |  14.3 |   N/A |   N/A |   4.3 | 138.0
               +-------+-------+-------+-------+-------+----------------------
